 Dungeon Crawl Stone Soup version 0.29-a0-409-gd843f3a48c (webtiles) character file.

Game seed: 10951721471503349213

41 holysushi the Charlatan (level 3, 0/22 HPs)
             Began as a Kobold Artificer on May 15, 2022.
             Succumbed to an adder's poison
             ... on level 2 of the Dungeon.
             The game lasted 00:01:34 (1538 turns).

holysushi the Charlatan (Kobold Artificer)          Turns: 1538, Time: 00:01:34

Health: 0/22       AC:  4    Str:  6 (9)  XL:     3   Next: 75%
Magic:  3/3        EV: 14    Int: 11 (12) God:
Gold:   94         SH:  0    Dex: 20 (23) Spells: 2/2 levels left

rFire   . . .      SeeInvis .   g - +0 dagger
rCold   . . .      Faith    .   (no shield)
rNeg    . . .      Spirit   .   b - +0 leather armour
rPois   .          Reflect  .   (no helmet)
rElec   .          Harm     .   (no cloak)
rCorr   .          Rampage  .   p - +0 pair of gloves
Will    .....                   (no boots)
Stlth   +++.......              (no amulet)
HPRegen 0.07/turn               k - +6 ring of dexterity
MPRegen 0.08/turn               (no ring)

@: lethally poisoned (0 -> -4)
A: small, no large weapons, nightstalker 3
a: no special abilities


You were on level 2 of the Dungeon.
You visited 1 branch of the dungeon, and saw 2 of its levels.

You collected 94 gold pieces.

Inventory:

Hand Weapons
 a - a +0 club
 g - a +0 dagger (weapon)
Armour
 b - a +0 leather armour (worn)
 p - a +0 pair of gloves (worn)
Jewellery
 i - a ring of ice
 k - a +6 ring of dexterity (left hand)
Wands
 c - a wand of flame (13) (quivered)
 d - a wand of charming (15)
 e - a wand of iceblast (9)
Scrolls
 j - a scroll of blinking {unknown}
 o - a scroll of enchant armour {unknown}
Potions
 h - a potion of mutation {unknown}
 l - 2 potions of brilliance {unknown}
 m - a potion of flight {unknown}
 n - a potion of cancellation {unknown}


   Skills:
 - Level 2.5 Fighting
 + Level 2.9 Short Blades
 - Level 0.7 Armour
 - Level 2.4 Dodging
 - Level 1.3 Stealth
 - Level 3.6 Evocations


You had 2 spell levels left.
You didn't know any spells.
Your spell library contained the following spells:

 Spells                   Type           Power      Damage    Failure   Level
 Ensorcelled Hibernation  Hex/Ice        0%         N/A       63%         2
 Passwall                 Tmut/Erth      0%         N/A       63%         2
 Swiftness                Air            0%         N/A       86%         3


Dungeon Overview and Level Annotations

Branches:
Dungeon (2/15)

Altars:


Innate Abilities, Weirdness & Mutations

You are small and have problems with some larger weapons.
You are completely attuned to the shadows.


Message History

The jackal closely misses you.
You barely miss the jackal. You punch the jackal, but do no damage.
The jackal is severely wounded.
The jackal completely misses you.
You hit the jackal.
You kill the jackal!
You hit the jackal but do no damage. The jackal barely misses you.
The jackal completely misses you.
You hit the jackal.
The jackal is severely wounded.
The jackal bites you but does no damage.
You hit the jackal but do no damage.
The jackal is severely wounded.
The jackal barely misses you.
You closely miss the jackal.
The jackal is severely wounded.
The jackal bites you.
You barely miss the jackal.
The jackal is severely wounded.
The jackal barely misses you.
An adder comes into view.
The jackal bites you.
You hit the jackal.
The jackal is almost dead.
The jackal bites you but does no damage.
You hit the jackal.
You kill the jackal!
You swing at nothing.
You swing at nothing.
The adder closely misses you. The adder attacks as you move away!
The adder bites you.
* * * LOW HITPOINT WARNING * * *
You are lethally poisoned!
The adder poisons you!
* * * LOW HITPOINT WARNING * * *
You feel sick.
You see here a jackal corpse.
It was a potion of degeneration.
There was something very wrong with that liquid.
You feel weakened.
You feel dopey.
You feel clumsy.
You die...

#####................
#..###...........
##..#..#.........
#..#.#....†.h...
#....#.##..##..#
#......###..#.##
#.....#####....#
#.....#####...###
....#.#.S@..#.#
###...####..# ....
..... .... #..###
.>.. ##


You could see an adder.

Vanquished Creatures
  An adder (D:2)
  2 dart slugs (D:1)
  2 ball pythons (D:1)
  3 endoplasms
  2 giant cockroaches (D:1)
  A goblin (D:1)
  A hobgoblin (D:1)
  4 jackals (D:2)
  3 frilled lizards
  3 kobolds (D:1)
  5 rats
27 creatures vanquished.

Vanquished Creatures (others)
  A rat (D:1)
1 creature vanquished.

Grand Total: 28 creatures vanquished

Notes
Turn   | Place    | Note
-------+----------+-------------------------------------------
     0 | D:1      | holysushi the Kobold Artificer began the quest for the Orb.
     0 | D:1      | Reached XP level 1. HP: 12/12 MP: 1/1
   222 | D:1      | Reached XP level 2. HP: 8/17 MP: 2/2
   690 | D:1      | Reached skill level 1 in Short Blades
   975 | D:1      | Reached XP level 3. HP: 21/22 MP: 3/3
  1537 | D:2      | HP: 1/22 [poisoned by an adder]
  1538 | D:2      | Succumbed to an adder's poison

Illustrated notes

Levels and vault maps discovered:
D:1:      minmay_arrival_wavy_path, layout_rooms, minmay_hedge_maze,
          lemuel_old_faithful
D:2:      layout_rooms, serial_shops, shop, nrook_uturn

Skill      XL: |  1  2  3 |
---------------+----------+-----
Fighting       | 2 |  2.5
Short Blades   | 1 2 |  2.9
Armour         | |  0.7
Dodging        | |  2.4
Stealth        | |  1.3
Evocations     | |  3.6

Action                   || total
-------------------------++-------
Melee: Club              ||    40
       Dagger            ||    53
       Punch             ||     2
Evoke: Wand              ||     2
  Use: Potion            ||     1
 Stab: Sleeping          ||    10
Armor: Leather armour    ||    16
Dodge: Dodged            ||    64

Table legend: (Time is in decaauts)
 A = Elapsed time spent in this place.
 B = Non-inter-level travel time spent in this place.
 C = Inter-level travel time spent in this place.
 D = Time resting spent in this place.
 E = Time spent auto-exploring this place.
 F = Levels seen in this place.
 G = Mean time per level.
                   A        B        C        D        E       F      G
               +--------+--------+--------+--------+--------+-----+--------+
         Total |   1544 |   1525 |     19 |    772 |    472 |   2 |  772.0 |
       Dungeon |   1544 |   1525 |     19 |    772 |    472 |   2 |  772.0 |
               +--------+--------+--------+--------+--------+-----+--------+

Top non-repeatable levels by time:
     D:1: 1326 daAuts
     D:2: 218 daAuts
